 Dungeon Crawl Stone Soup version 0.25-a0-424-g80bd347ae0 (webtiles) character file.

Game seed: 2182087257467746314, levelgen mode: deterministic

395 MisterFreud the Cutter (level 6, -6/53 HPs)
             Began as a Gnoll Chaos Knight on Jan 20, 2020.
             Was a Plaything of Xom.
             Shot with an arrow by a centaur (12 damage)
             ... on level 5 of the Dungeon.
             The game lasted 00:05:28 (3437 turns).

MisterFreud the Cutter (Gnoll Chaos Knight)         Turns: 3437, Time: 00:05:30

Health: -6/53      AC:  6    Str: 15    XL:     6   Next: 82%
Magic:  9/9        EV: 13    Int: 16    God:    Xom [..*...]
Gold:   185        SH:  0    Dex: 14    Spells: 9/9 levels left

rFire    . . .     SeeInvis .   a - +0 short sword (chaos)
rCold    . . .     Gourm    .   (no shield)
rNeg     . . .     Faith    .   b - +2 leather armour
rPois    .         Spirit   .   (no helmet)
rElec    .         Reflect  .   (no cloak)
rCorr    .         Harm     .   (no gloves)
MR       .....                  w - +0 pair of boots
Stlth    ++........             (no amulet)
HPRegen  0.17/turn              r - ring of flight
MPRegen  0.11/turn              (no ring)

@: no status effects
A: distributed training, fangs 1, strong nose
a: Renounce Religion, Evoke Flight


You were on level 5 of the Dungeon.
You worshipped Xom.
You were a toy of Xom.
You were not hungry.

You visited 1 branch of the dungeon, and saw 5 of its levels.

You collected 185 gold pieces.

Inventory:

Hand Weapons
 a - a +0 short sword of chaos (weapon)
Missiles
 e - 75 stones (quivered)
 g - 21 sling bullets
 m - 22 poisoned darts
 u - 15 bolts
Armour
 b - a +2 leather armour (worn)
 w - a +0 pair of boots (worn)
Jewellery
 r - a ring of flight (left hand)
Wands
 h - a wand of paralysis (6)
Scrolls
 d - 2 scrolls of remove curse {unknown}
 f - 2 scrolls of identify {unknown}
 i - 2 scrolls of enchant weapon {unknown}
 j - 2 scrolls of enchant armour {unknown}
 l - a scroll of teleportation {unknown}
 p - a scroll of amnesia {unknown}
 q - a scroll of immolation {unknown}
 s - 2 scrolls of blinking {unknown}
 t - 2 scrolls of fog
 v - a scroll of fear {unknown}
Potions
 k - a potion of curing
 n - a potion of ambrosia {unknown}
 o - a potion of degeneration {unknown}
 x - 2 potions of haste {unknown}
 z - a potion of lignification {unknown}
Comestibles
 c - 4 rations


   Skills:
 + Level 6.9 Fighting
 + Level 6.9 Short Blades
 + Level 2.1 Long Blades
 + Level 2.1 Axes
 + Level 2.1 Maces & Flails
 + Level 2.1 Polearms
 + Level 2.1 Staves
 + Level 2.1 Slings
 + Level 2.1 Bows
 + Level 2.1 Crossbows
 + Level 2.1 Throwing
 + Level 5.0 Armour
 + Level 3.3 Dodging
 + Level 2.1 Stealth
 + Level 2.1 Shields
 + Level 2.1 Unarmed Combat
 + Level 2.1 Spellcasting
 + Level 1.6 Conjurations
 + Level 1.6 Hexes
 + Level 1.6 Charms
 + Level 1.6 Summonings
 + Level 1.6 Necromancy
 + Level 1.6 Translocations
 + Level 1.6 Transmutations
 + Level 1.6 Fire Magic
 + Level 1.6 Ice Magic
 + Level 1.6 Air Magic
 + Level 1.6 Earth Magic
 + Level 1.6 Poison Magic
 + Level 2.3 Invocations
 + Level 2.1 Evocations


You had 9 spell levels left.
You didn't know any spells.
Your spell library was empty.

Dungeon Overview and Level Annotations

Branches:
Dungeon (5/15)
 Temple: D:4-7

Altars:
Fedhas
Hepliaklqana
Okawaru

Shops:
D:4 [


Innate Abilities, Weirdness & Mutations

Your experience applies equally to all skills.
You have very sharp teeth.
Your uncanny sense of smell can sniff out nearby items.


Message History

You start resting.
The phantom is too close now for your liking.
You climb downwards.
There is a stone staircase leading up here.
The centaur shouts!
The centaur shoots an arrow.
The arrow hits you!
Found a spear.
You see here an arrow.
The centaur shoots an arrow.
The arrow hits you.
The centaur shoots an arrow.
The arrow hits you!
* * * LOW HITPOINT WARNING * * *
The centaur shoots an arrow.
The arrow hits you.
* * * LOW HITPOINT WARNING * * *
You see here 2 arrows.
Okay, then.
As you read the scroll labeled JOAQOD EMOZXEE, it crumbles to dust.
The scroll dissolves into smoke.
It was a scroll of fog.
The centaur shoots an arrow.
The arrow hits you!
You die...
Xom chortles!

#.........
........
......# #....#
#c..# #.÷# ##
#<.##..c.
###§......#
#§@§§.....#
#.§§§......#
#.).§§.......#
##............
##...........
#........##.
##........#
#..#......


You could see 2 centaurs.

Vanquished Creatures
  A centaur (D:5)
  A scorpion (D:3)
  A vampire bat (D:4)
  A centaur skeleton (D:4)
  An orc priest (D:3)
  Natasha (D:2)
  A worker ant (D:4)
  4 adders
  An adder skeleton (D:4)
  2 worms
  A dart slug (D:2)
  2 leopard geckos (D:4)
  3 orcs
  2 ball pythons
  4 giant cockroaches
  7 goblins
  6 hobgoblins
  2 quokkas
  19 bats
  2 frilled lizards
  3 kobolds
  2 quokka skeletons (D:4)
  4 rats
71 creatures vanquished.

Vanquished Creatures (others)
  An orc (D:3)
1 creature vanquished.

Grand Total: 72 creatures vanquished

Notes
Turn   | Place    | Note
-------+----------+-------------------------------------------
     0 | D:1      | MisterFreud the Gnoll Chaos Knight began the quest for the
                  | Orb.
     0 | D:1      | Reached XP level 1. HP: 23/23 MP: 1/1
   129 | D:1      | XOM: divination: detect items
   641 | D:2      | Reached XP level 2. HP: 29/29 MP: 2/2
   719 | D:2      | XOM: cast spell 'Leda's Liquefaction'
   802 | D:2      | Noticed Natasha
   803 | D:2      | XOM: enchant monster (good)
   809 | D:2      | Reached XP level 3. HP: 31/35 MP: 3/3
   814 | D:2      | Killed Natasha
   814 | D:2      | Reached skill level 1 in Invocations
   819 | D:2      | Reached skill level 1 in Long Blades
   819 | D:2      | Reached skill level 1 in Axes
   819 | D:2      | Reached skill level 1 in Maces & Flails
   819 | D:2      | Reached skill level 1 in Polearms
   819 | D:2      | Reached skill level 1 in Staves
   819 | D:2      | Reached skill level 1 in Slings
   819 | D:2      | Reached skill level 1 in Bows
   819 | D:2      | Reached skill level 1 in Crossbows
   819 | D:2      | Reached skill level 1 in Throwing
   819 | D:2      | Reached skill level 1 in Stealth
   819 | D:2      | Reached skill level 1 in Shields
   819 | D:2      | Reached skill level 1 in Unarmed Combat
   819 | D:2      | Reached skill level 1 in Spellcasting
   819 | D:2      | Reached skill level 1 in Evocations
   841 | D:2      | Found a blossoming altar of Fedhas.
   970 | D:2      | Reached XP level 4. HP: 41/41 MP: 5/5
  1005 | D:2      | XOM: god gift: 38 gold pieces
  1018 | D:2      | Found a hazy altar of Hepliaklqana.
  1312 | D:3      | Found an iron altar of Okawaru.
  1314 | D:3      | XOM: harmless Chrm miscast
  1323 | D:3      | XOM: enchant monster (bad)
  1365 | D:3      | Reached skill level 1 in Conjurations
  1365 | D:3      | Reached skill level 1 in Hexes
  1365 | D:3      | Reached skill level 1 in Charms
  1365 | D:3      | Reached skill level 1 in Summonings
  1365 | D:3      | Reached skill level 1 in Necromancy
  1365 | D:3      | Reached skill level 1 in Translocations
  1365 | D:3      | Reached skill level 1 in Transmutations
  1365 | D:3      | Reached skill level 1 in Fire Magic
  1365 | D:3      | Reached skill level 1 in Ice Magic
  1365 | D:3      | Reached skill level 1 in Air Magic
  1365 | D:3      | Reached skill level 1 in Earth Magic
  1365 | D:3      | Reached skill level 1 in Poison Magic
  1365 | D:3      | XOM: enchant monster (bad)
  1705 | D:3      | Reached XP level 5. HP: 44/47 MP: 6/6
  1976 | D:3      | XOM: harmless Tloc miscast
  2005 | D:3      | XOM: harmless Pois miscast
  2398 | D:4      | Noticed a phantom
  2416 | D:4      | XOM: potion effect (curing)
  2432 | D:4      | XOM: harmless Hex miscast
  2486 | D:4      | XOM: divination: detect creatures
  2629 | D:4      | Found Zekh's Armour Emporium.
  2664 | D:4      | XOM: divination: detect items
  2670 | D:4      | Reached XP level 6. HP: 11/53 MP: 8/8
  2675 | D:4      | XOM: harmless Air miscast
  2940 | D:4      | XOM: divination: detect creatures
  3132 | D:4      | XOM: divination: magic mapping
  3196 | D:4      | XOM: harmless Necr miscast
  3221 | D:5      | Entered Level 5 of the Dungeon
  3228 | D:5      | Reached skill level 5 in Armour
  3437 | D:5      | Shot with an arrow by a centaur

Levels and vault maps discovered:
D:1:      minmay_arrival_split_and_join, layout_basic, minmay_misc_feat_rugged
D:2:      layout_rooms, fedhas_altar_1, lemuel_coloured_pillars_altar,
          uniq_natasha
D:3:      layout_loops_ring, first_ration, okawaru_ov_weapons_minmay
D:4:      layout_loops_cross, serial_shops, shop, roderic_batcave
D:5:      layout_cave_pools, uniq_pikel, uniq_duvessa

Skill      XL: |  1  2  3  4  5  6 |
---------------+-------------------+-----
Invocations    | 1 2 |  2.3
Long Blades    | 1 2 |  2.1
Axes           | 1 2 |  2.1
Maces & Flails | 1 2 |  2.1
Polearms       | 1 2 |  2.1
Staves         | 1 2 |  2.1
Slings         | 1 2 |  2.1
Bows           | 1 2 |  2.1
Crossbows      | 1 2 |  2.1
Throwing       | 1 2 |  2.1
Stealth        | 1 2 |  2.1
Shields        | 1 2 |  2.1
Unarmed Combat | 1 2 |  2.1
Spellcasting   | 1 2 |  2.1
Evocations     | 1 2 |  2.1
Conjurations   | 1 |  1.6
Hexes          | 1 |  1.6
Charms         | 1 |  1.6
Summonings     | 1 |  1.6
Necromancy     | 1 |  1.6
Translocations | 1 |  1.6
Transmutations | 1 |  1.6
Fire Magic     | 1 |  1.6
Ice Magic      | 1 |  1.6
Air Magic      | 1 |  1.6
Earth Magic    | 1 |  1.6
Poison Magic   | 1 |  1.6
Dodging        | 3 |  3.3
Armour         | 5 |  5.0
Fighting       | |  6.9
Short Blades   | |  6.9

Action                   |  1- 3 |  4- 6 || total
-------------------------+-------+-------++-------
Melee: Short sword       |    61 |   193 ||   254
       Bite              |     7 |    20 ||    27
       Punch             |       |     1 ||     1
  Use: Potion            |       |     3 ||     3
       Scroll            |       |     1 ||     1
 Stab: Sleeping          |     1 |       ||     1
  Eat: Chunk             |       |     8 ||     8
Armor: Leather armour    |    25 |    65 ||    90
Dodge: Dodged            |    32 |   146 ||   178

Table legend:
 A = Non-vault XP
 B = Vault XP
 C = Vault XP percentage of total XP
 D = Non-vault monster count
 E = Vault monster count
 F = Vault count percentage of total count
                 A         B        C        D         E       F
            +---------+---------+-------+---------+---------+-------
      Total |     466 |      99 |  17.5 |      64 |       8 |  11.1
            +---------+---------+-------+---------+---------+-------
        D:1 |       7 |       0 |   0.0 |       5 |       0 |   0.0
        D:2 |      56 |      36 |  39.1 |      25 |       1 |   3.8
        D:3 |     157 |       0 |   0.0 |      18 |       0 |   0.0
        D:4 |     112 |      63 |  36.0 |      13 |       7 |  35.0
        D:5 |     134 |       0 |   0.0 |       3 |       0 |   0.0
            +---------+---------+-------+---------+---------+-------
